 Dungeon Crawl Stone Soup version bcrawl-1.41.1 (webtiles) character file.

Game seed: 5555676253061380143

142597 Grimmash the Sneak (level 4, 0/38 HPs)
             Began as a Naga Archaeologist on Apr 20, 2024.
             Slain by a gnoll
             ... wielding a +0 halberd of pain
              (8 damage)
             ... on level 2 of the Dungeon.
             The game lasted 00:02:42 (1556 turns).

Grimmash the Sneak (Naga Archaeologist)             Turns: 1556, Time: 00:02:43

Health: 0/38       AC:  5    Str: 17    XL:     4   Next: 43%
Magic:  5/5        EV:  9    Int: 15    God:
Gold:   52         SH:  3    Dex:  9    Spells: 4/4 levels left

rFire    . . .     GDR:     21% a - +0 mace
rCold    . . .     SeeInvis +   k - +0 buckler
rNeg     . . .     Gourm    .   c - +1 robe
rPois    +         Faith    .   d - +2 hat
rElec    .         Spirit   .   (no cloak)
rCorr    .         Reflect  .   (no gloves)
MR       .....     Rnd*Tele +   (no barding)
Stlth    +++.......             (no amulet)
HPRegen  0.16/turn              o - +3 ring of strength
MPRegen  0.09/turn              s - ring of teleportation (curse)

@: short of breath, very slow
A: large, tail, swims, see invisible, deformed body, poison resistance, slowness
2, slow metabolism 1, spit poison 1, AC +1
a: Spit Poison


You were on level 2 of the Dungeon.
You were not hungry.

You visited 1 branch of the dungeon, and saw 2 of its levels.

You collected 52 gold pieces.

Inventory:

Hand Weapons
 a - a +0 mace (weapon)
 b - a +0 blowgun
Missiles
 f - 6 curare-tipped needles
 j - 119 poisoned tomahawks (quivered)
Armour
 c - a +1 robe (worn)
 d - a +2 hat (worn)
 k - a +0 buckler (worn)
 m - a +1 robe
Jewellery
 o - a +3 ring of strength (left hand)
 s - a cursed ring of teleportation (right hand)
Wands
 r - a wand of iceblast (3)
Scrolls
 g - a scroll of revelation
Potions
 i - 2 potions of ambrosia {unknown}
 l - a potion of curing {unknown}
 n - a potion of degeneration {unknown}
 p - 2 potions of mutation {unknown}
Miscellaneous
 h - a dusty tome
Comestibles
 e - 3 rations {!d}
 q - 3 chunks of flesh


   Skills:
 * Level 1.5 Fighting
 * Level 2.2 Maces & Flails
 * Level 0.5 Armour
 * Level 3.1 Dodging
 + Level 5.3 Stealth
 * Level 0.9 Spellcasting


You had 4 spell levels left.
You didn't know any spells.
Your spell library was empty.

Dungeon Overview and Level Annotations

Branches:
Dungeon (2/12)

Altars:


Innate Abilities, Weirdness & Mutations

You cannot wear boots.
You can swim through water.
Your serpentine skin is tough. (AC +1)
You have supernaturally acute eyesight. (SInv)
Armour fits poorly on your strangely shaped body.
Your system is resistant to poisons. (rPois)
You cover ground very slowly.
You have a slow metabolism.
You can spit poison.


Message History

The gnoll barely misses you. x2
You sock the gnoll!
You kill the gnoll!
The gnoll hits you with a +0 halberd of pain!
You barely miss the gnoll.
The gnoll hits you with a +0 halberd of pain!
* * * LOW HITPOINT WARNING * * *
You writhe in agony.
* * * LOW HITPOINT WARNING * * *
You are too injured to fight recklessly!
You are too injured to fight recklessly!
You are too injured to fight recklessly!
No path to travel!
Press: ? - help, Shift-Dir - straight line, f - gnoll
Aim: a gnoll, wielding a +0 halberd of pain The splash of poison hits the gnoll.
The gnoll is poisoned.
The gnoll is heavily wounded.
You feel slightly more hungry.
The gnoll hits you with a +0 halberd of pain!
You die...

### ... ######.# #
#......###
#.##.#.......
#.....)...###
#.@......#
#############.#g####.#
#.............#.#
#.##########..#.# #.#
#####..#.###. #.#
#.).........#
#.######.###..#####.
#.#...........######
## #.#.####.###.......
#.


You could see a gnoll.

Vanquished Creatures
  Robin (D:2)
  2 gnolls (D:2)
  An ooze (D:1)
  A worm (D:2)
  A dart slug (D:2)
  A leopard gecko (D:1)
  3 giant cockroaches
  5 goblins
  7 hobgoblins
  5 kobolds
  A quokka (D:1)
  2 bats (D:1)
  2 frilled lizards (D:1)
  6 rats (D:1)
38 creatures vanquished.

Vanquished Creatures (others)
  A goblin (D:2)
1 creature vanquished.

Grand Total: 39 creatures vanquished

Notes
Turn   | Place    | Note
-------+----------+-------------------------------------------
     0 | D:1      | Grimmash the Naga Archaeologist began the quest for the
                  | Orb.
     0 | D:1      | Reached XP level 1. HP: 18/18 MP: 1/1
   228 | D:1      | Reached skill level 5 in Stealth
   269 | D:1      | Reached XP level 2. HP: 15/25 MP: 2/2
   558 | D:1      | Reached XP level 3. HP: 29/31 MP: 3/3
  1158 | D:2      | Noticed Robin
  1326 | D:2      | Reached XP level 4. HP: 35/38 MP: 5/5
  1436 | D:2      | Killed Robin
  1556 | D:2      | Slain by a gnoll

Skill      XL: |  1  2  3  4 |
---------------+-------------+-----
Stealth        | 5 |  5.3
Maces & Flails | 2 |  2.2
Dodging        | 3 |  3.1
Fighting       | |  1.5
Armour         | |  0.5
Spellcasting   | |  0.9

Action                   |  1- 3 |  4- 6 || total
-------------------------+-------+-------++-------
Melee: Whip              |    88 |       ||    88
       Mace              |    21 |    22 ||    43
Throw: Tomahawk          |     7 |     1 ||     8
 Abil: Spit Poison       |    11 |     2 ||    13
  Use: Scroll            |     5 |       ||     5
 Stab: Sleeping          |     2 |       ||     2
  Eat: Chunk             |     2 |     1 ||     3
       Ration            |       |     1 ||     1
Armor: Robe              |    48 |     5 ||    53
Dodge: Dodged            |    77 |    22 ||    99
